 Dungeon Crawl Stone Soup version 0.26-a0-104-gef3e9dd61f (webtiles) character file.

Game seed: 15101790053890256620

3964 Gargoyl the Skirmisher (level 10, -1/82 (84) HPs)
             Began as a Centaur Abyssal Knight on June 22, 2020.
             Was a High Priest of Lugonu.
             Killed from afar by Maggie (29 damage)
             ... with a bolt of fire
             ... while paralysed
             ... on level 8 of the Dungeon.
             The game lasted 00:11:58 (6968 turns).

Gargoyl the Skirmisher (Centaur Abyssal Knight)     Turns: 6968, Time: 00:11:59

HP:   -1/82 (84)    AC: 16    Str: 17    XL:     10   Next: 2%
MP:   4/4           EV:  1    Int: 14    God:    Lugonu [*****.]
Gold: 306           SH:  0    Dex: 10    Spells: 9/9 levels left

rFire    . . .     SeeInvis .   w - +11 quarterstaff "Capiun" {antimagic, rElec Int+3}
rCold    + . .     Gourm    .   (shield currently unavailable)
rNeg     . . .     Faith    .   d - +3 scale mail {rC+}
rPois    +         Spirit   .   v - +2 helmet
rElec    +         Reflect  .   r - +2 cloak
rCorr    .         Harm     .   (no gloves)
MR       .....                  (no barding)
Stlth    ..........             E - amulet of the acrobat
HPRegen  0.23/turn              t - ring of poison resistance
MPRegen  0.09/turn              z - ring of stealth

@: paralysed, berserk cooldown, slowed, very quick
A: large, hooves 3, deformed body, speed 2, tough skin 3
a: Depart the Abyss, Bend Space, Banish, Corrupt, Enter the Abyss, Renounce
Religion


You were on level 8 of the Dungeon.
You worshipped Lugonu.
Lugonu was extremely pleased with you.
You were not hungry.

You visited 1 branch of the dungeon, and saw 8 of its levels.
You visited the Abyss 1 time.

You collected 470 gold pieces.
You spent 164 gold pieces at shops.

Inventory:

Hand Weapons
 a - a +3 hand axe
 w - the +11 quarterstaff "Capiun" (weapon) {antimagic, rElec Int+3}
   (You took it off an orc on level 4 of the Dungeon)

   It reduces the magical energy of the wielder, and disrupts the spells and
   magical abilities of those hit.
   Natural abilities and divine invocations are not affected.
   It affects your intelligence (+3).
   It insulates you from electricity.
Missiles
 B - 5 javelins (quivered)
Armour
 d - a +3 scale mail of cold resistance (worn)
 f - a +0 buckler
 r - a +2 cloak (worn)
 v - a +2 helmet (worn)
Jewellery
 t - a ring of poison resistance (left hand)
 z - a ring of stealth (right hand)
 D - an uncursed ring of protection from cold
 E - an amulet of the acrobat (around neck)
Wands
 p - a wand of paralysis (8)
 u - a wand of polymorph (3)
Scrolls
 i - 5 scrolls of magic mapping
 k - 4 scrolls of remove curse
 m - 4 scrolls of identify
 y - a scroll of teleportation
 C - a scroll of blinking
Potions
 e - 2 potions of heal wounds {unknown}
 g - 4 potions of curing
 h - 2 potions of might {unknown}
 j - 2 potions of lignification {unknown}
 l - a potion of haste {unknown}
 n - a potion of brilliance {unknown}
 o - 2 potions of flight {unknown}
 q - 2 potions of stabbing {unknown}
 s - 2 potions of resistance {unknown}
 A - 2 potions of degeneration {unknown}
 F - a potion of ambrosia {unknown}
Comestibles
 c - 15 rations


   Skills:
 + Level 6.5 Fighting
 + Level 4.8 Axes
 + Level 5.9 Staves
 + Level 0.3 Throwing
 * Level 5.3 Armour
 * Level 3.9 Dodging
 + Level 0.5 Shields
 * Level 6.3 Invocations


You had 9 spell levels left.
You didn't know any spells.
Your spell library was empty.

Dungeon Overview and Level Annotations

Branches:
Dungeon (8/15)             Temple (0/1) D:5
   Lair: D:8-11

Altars:
Cheibriados
Dithmenos
Hepliaklqana
Ru
Uskayaw
Wu Jian
The Shining One

Shops:
D:5 ?   D:6 *   D:7 }

Annotations:
D:8 Maggie, Psyche


Innate Abilities, Weirdness & Mutations

You have hooves in place of feet.
Armour fits poorly on your strangely shaped body.
You cover ground very quickly.
You have extremely tough skin. (AC +3)


Message History

The gnoll sergeant hits you with a +0 spear.
Maggie casts a spell.
You thump the gnoll sergeant!
You kill the gnoll sergeant!
Lugonu accepts your kill.
You have reached level 10!
The worker ant closely misses you. The ogre closely misses you.
You sock the ogre! You kick the ogre!
The ogre is severely wounded.
The worker ant bites you but does no damage.
You bludgeon the ogre!!
You kill the ogre!
Lugonu accepts your kill.
You are no longer berserk.
You pass out from exhaustion.
You feel yourself slow down. The worker ant bites you.
Maggie casts a spell at you. The bolt of fire hits you!!
You die...

#.......#...# #.......
#.....#.#...###.......
#....>................
#.....#..........###..
##.....#..........#
###
#......##.........# ..
#....#(##....###### ..
#....#.####### ..
#....#@########### ..
#....@a).......... ..
####.......(...# ..
#...###(###.# ..
###...#.c8..#
#.....#.K...#.
#.###..8.8.8?..# #.
#.#.....#..# .
...#..8..#....


You could see Maggie and a worker ant.

Vanquished Creatures
  A hippogriff (D:7)
  A water moccasin (D:8)
  2 sky beasts
  An ice beast (D:6)
  3 necrophages (D:7)
  4 phantoms
  A black bear (D:7)
  4 ogres
  4 centaurs
  2 big kobolds
  4 bullfrogs
  A water moccasin zombie (D:5)
  2 gnoll sergeants
  3 scorpions
  3 wights (D:7)
  A howler monkey (D:4)
  2 bullfrog zombies (D:7)
  A crimson imp (D:7)
  3 jellies
  4 hounds
  2 bullfrog skeletons
  3 orc priests
  3 centaur skeletons
  An orc wizard (D:6)
  6 worker ants
  A hound skeleton (D:4)
  2 mummies (D:7)
  A howler monkey zombie (D:8)
  Robin (D:4)
  7 gnolls
  10 adders
  3 shadow imps
  An adder skeleton (D:5)
  2 worms (D:3)
  5 dart slugs
  5 leopard geckos
  21 orcs
  3 ball pythons
  2 giant cockroaches
  20 goblins
  8 hobgoblins
  6 jackals
  5 quokkas
  8 bats
  12 frilled lizards
  17 kobolds
  A leopard gecko zombie (D:8)
  2 quokka zombies
  7 rats
212 creatures vanquished.

Vanquished Creatures (collateral kills)
  4 wights (Abyss:2)
4 creatures vanquished.

Grand Total: 216 creatures vanquished

Notes
Turn   | Place    | Note
-------+----------+-------------------------------------------
     0 | Abyss:1  | Gargoyl the Centaur Abyssal Knight began the quest for the
                  | Orb.
     0 | Abyss:1  | Reached XP level 1. HP: 19/19 MP: 2/2
    25 | Abyss:1  | Noticed a wretched star
    26 | Abyss:1  | Noticed an ancient zyme
    43 | Abyss:1  | Noticed a large abomination
    51 | Abyss:1  | Noticed a large abomination
    51 | Abyss:1  | Noticed a shadow demon
    56 | Abyss:2  | Noticed a wight
    56 | Abyss:2  | Noticed a wight
    56 | Abyss:2  | Noticed a wight
    56 | Abyss:2  | Noticed a wight
    70 | Abyss:2  | Killed a wight
    70 | Abyss:2  | Reached XP level 2. HP: 27/27 MP: 2/2
    71 | Abyss:2  | Killed a wight
    71 | Abyss:2  | Reached XP level 3. HP: 33/33 MP: 3/3
    76 | Abyss:2  | Reached XP level 4. HP: 41/41 MP: 3/5
   143 | Abyss:4  | Noticed a flying skull
   143 | Abyss:4  | Found a corrupted altar of Lugonu.
   181 | Abyss:4  | Noticed a flying skull
   181 | Abyss:4  | Noticed a flying skull
   182 | Abyss:4  | Noticed a flying skull
   182 | Abyss:4  | Noticed a kobold demonologist
   196 | Abyss:4  | Found a corrupted altar of Lugonu.
   207 | Abyss:4  | Noticed a wretched star
   208 | D:1      | Escaped the Abyss
   372 | D:1      | Reached * piety under Lugonu
  1193 | D:2      | Reached ** piety under Lugonu
  1396 | D:2      | Reached XP level 5. HP: 42/47 MP: 6/6
  1439 | D:2      | Found a shadowy altar of Dithmenos.
  1469 | D:2      | Found a hazy altar of Hepliaklqana.
  1936 | D:3      | Reached skill level 1 in Dodging
  1950 | D:3      | Reached XP level 6. HP: 37/55 MP: 7/7
  2066 | D:3      | Found a hide-covered altar of Uskayaw.
  2088 | D:3      | Reached *** piety under Lugonu
  2131 | D:3      | Reached skill level 5 in Fighting
  2953 | D:4      | Found a glowing golden altar of the Shining One.
  3021 | D:4      | Noticed Robin
  3029 | D:4      | Reached **** piety under Lugonu
  3033 | D:4      | Killed Robin
  3034 | D:4      | Reached XP level 7. HP: 44/61 MP: 9/9
  3386 | D:4      | Identified the +11 quarterstaff "Capiun" {antimagic, rElec
                  | Int+3}
  3589 | D:4      | Found a snail-covered altar of Cheibriados.
  3800 | D:5      | Entered Level 5 of the Dungeon
  3951 | D:5      | Found a staircase to the Ecumenical Temple.
  4011 | D:5      | Reached XP level 8. HP: 69/69 MP: 3/11
  4081 | D:5      | Reached skill level 1 in Staves
  4276 | D:5      | Found a sacrificial altar of Ru.
  4338 | D:5      | You fall into a shaft and drop 1 floor!
  4431 | D:6      | Found Susk's Assorted Antiques.
  4711 | D:6      | Reached skill level 5 in Invocations
  4774 | D:5      | Found Oci Ubbuzxer's Magic Scroll Emporium.
  4799 | D:5      | Bought a scroll of enchant weapon for 82 gold pieces
  4799 | D:5      | Bought a scroll of enchant armour for 82 gold pieces
  5271 | D:5      | Found an ornate altar of the Wu Jian Council.
  5333 | D:5      | Reached XP level 9. HP: 67/75 MP: 4/12
  6034 | D:7      | Reached ***** piety under Lugonu
  6337 | D:7      | Reached skill level 5 in Staves
  6337 | D:7      | Reached skill level 5 in Armour
  6501 | D:7      | Found Nuwubusu's Gadget Shop.
  6931 | D:8      | Identified the +6 leather armour of Depression {Dex+5}
  6936 | D:8      | Noticed Maggie
  6939 | D:8      | Noticed Psyche
  6965 | D:8      | Reached XP level 10. HP: 49/82 MP: 4/14
  6968 | D:8      | Killed from afar by Maggie

Illustrated notes

Levels and vault maps discovered:
D:1:      lemuel_arrival_cross, layout_basic, serial_rivers,
          chequers_serial_rivers_small_a, chequers_serial_rivers_room_a,
          chequers_serial_rivers_marsh, chequers_serial_rivers_micro_c
D:2:      layout_rooms, nicolae_overflow_hidden_temple
D:3:      cheibrodos_thug_alley, layout_basic, overflow_temple_1_default
D:4:      layout_gridville, kennysheep_slug_shrine, overflow_temple_1_default,
          first_ration, uniq_robin
D:5:      layout_layer_cave, old_standard_altar, marbit_many_paths,
          minmay_temple_entry_tees, serial_shops, shop, roderic_serpentine_path
D:6:      layout_basic, serial_shops, nicolae_shop_crystal
D:7:      layout_rooms, serial_shops, kennysheep_mini_moat, serial_undead,
          serial_undead_a, serial_undead_b, serial_undead_e, serial_undead_f,
          serial_undead_b
D:8:      layout_basic, minmay_chambers_of_fives, uniq_maggie, uniq_psyche

Skill      XL: |  1  2  3  4  5  6  7  8  9 |
---------------+----------------------------+-----
Fighting       | 4 5 6 |  6.5
Axes           | 2 3 4 |  4.8
Armour         | 2 3 4 5 |  5.3
Dodging        | 1 2 3 |  3.9
Invocations    | 3 4 5 6 |  6.3
Staves         | 3 5 |  5.9
Throwing       | |  0.3
Shields        | |  0.5

Action                   |  1- 3 |  4- 6 |  7- 9 | 10-12 || total
-------------------------+-------+-------+-------+-------++-------
Melee: Hand axe          |       |   260 |    55 |       ||   315
       Kick              |       |    53 |    58 |     1 ||   112
       Unarmed           |       |     4 |     4 |       ||     8
       Quarterstaff      |       |       |   249 |     2 ||   251
Throw: Boomerang         |       |       |     3 |       ||     3
Invok: Depart the Abyss  |       |     1 |       |       ||     1
  Use: Scroll            |     1 |     3 |     8 |       ||    12
       Potion            |     1 |       |     1 |       ||     2
  Eat: Chunk             |       |     5 |    11 |       ||    16
Armor: Scale mail        |       |   247 |   242 |     1 ||   490
       Leather armour    |       |     3 |       |       ||     3
       Skin              |       |       |     1 |       ||     1
Dodge: Dodged            |       |   112 |   167 |     2 ||   281
Block: Buckler           |       |    28 |     7 |       ||    35

Table legend:
 A = Non-vault XP
 B = Vault XP
 C = Vault XP percentage of total XP
 D = Non-vault monster count
 E = Vault monster count
 F = Vault count percentage of total count
                 A         B        C        D         E       F
            +---------+---------+-------+---------+---------+-------
      Total |    4518 |    1145 |  20.2 |     178 |      38 |  17.6
            +---------+---------+-------+---------+---------+-------
        D:1 |      50 |       0 |   0.0 |      28 |       0 |   0.0
        D:2 |      57 |       0 |   0.0 |      27 |       0 |   0.0
        D:3 |     201 |     113 |  36.0 |      27 |       9 |  25.0
        D:4 |     671 |      39 |   5.5 |      23 |      12 |  34.3
        D:5 |     752 |      11 |   1.4 |      22 |       1 |   4.3
        D:6 |     946 |       0 |   0.0 |      17 |       0 |   0.0
        D:7 |    1253 |     673 |  34.9 |      20 |      11 |  35.5
        D:8 |     472 |     309 |  39.6 |      10 |       5 |  33.3
    Abyss:2 |     116 |       0 |   0.0 |       4 |       0 |   0.0
            +---------+---------+-------+---------+---------+-------
